 Dungeon Crawl Stone Soup version 0.15.0-12-gccce430 (webtiles) character file.

106 Patate the Shield-Bearer (level 4, -2/28 HPs)
             Began as a Gargoyle Fighter on Sept 1, 2014.
             Killed from afar by an orc wizard (5 damage)
             ... with a puff of frost
             ... on Level 3 of the Dungeon.
             The game lasted 00:05:46 (1908 turns).

Patate the Shield-Bearer (Gargoyle Fighter)         Turns: 1908, Time: 00:05:47

HP  -2/28        AC 13     Str 26      XL: 4   Next: 84%
MP   4/4         EV  6     Int  8      God:
Gold 164         SH 10     Dex  9      Spells:  0 memorised,  3 levels left

rFire  . . .     SeeInvis .     a - +0 flail
rCold  . . .     Clarity  .     t - +0 chain mail
rNeg   + . .     rCorr    .     c - +0 shield
rPois  +         rRot     +     (no helmet)
rElec  +         Spirit   .     (no cloak)
SustAb .         Warding  .     q - +0 pair of gloves
rMut   .         Stasis   .     (no boots)
Gourm  .                        (no amulet)
MR     .....                    (no ring)
                                (no ring)

@: mighty, not resistant to hostile enchantments, extremely unstealthy
A: negative energy resistance 1, electricity resistance, unbreathing,
petrification resistance, rot immunity, AC +3
a: no special abilities


You were on level 3 of the Dungeon.
You were hungry.

You visited 1 branch of the dungeon, and saw 3 of its levels.

You collected 164 gold pieces.

Inventory:

Hand weapons
 a - a +0 flail (weapon)
Armour
 c - a +0 shield (worn)
 q - a +0 pair of gloves (worn)
 t - a +0 chain mail (worn)
Comestibles
 d - 2 bread rations
 h - 2 slices of pizza
 j - 8 fruits
 l - 2 beef jerkies
 x - 2 rotting chunks of worm flesh
Scrolls
 f - 3 scrolls of identify {unknown}
 i - 2 scrolls of remove curse {unknown}
 k - a scroll of recharging {unknown}
 n - 3 scrolls of teleportation {unknown}
 o - a scroll of noise {unknown}
 p - 2 scrolls of immolation {unknown}
 u - a scroll of enchant weapon {unknown}
Jewellery
 s - an uncursed ring of sustain abilities {unknown}
Potions
 b - a potion of agility {unknown}
 e - 2 potions of might
 g - 2 potions of haste {unknown}
 m - 3 potions of poison {unknown}
 r - a potion of magic {unknown}


   Skills:
 - Level 3.5 Fighting
 - Level 2.0 Maces & Flails
 - Level 3.4 Armour
 + Level 5.6 Shields


You had 3 spell levels left.
You didn't know any spells.

Dungeon Overview and Level Annotations

Branches:
Dungeon (3/15)

Altars:


Innate Abilities, Weirdness & Mutations

You are resistant to torment.
You are immune to poison.
Your stone body is very resilient (AC +3).
You resist negative energy.
You are resistant to electric shocks.
You can survive without breathing.
You are immune to petrification.
You are immune to rotting.


Message History

You block the orc wizard's attack. You block the orc's attack.
You closely miss the orc wizard. You block the orc wizard's attack.
The orc hits you but does no damage.
The orc wizard hits you but does no damage.
You barely miss the orc wizard.
The orc wizard hits you but does no damage.
The orc completely misses you. The orc wizard casts a spell at you.
The puff of flame hits you!
* * * LOW HITPOINT WARNING * * *
You sock the orc wizard!
The orc wizard is almost dead.
You block the orc wizard's attack. The orc barely misses you.
You block the orc wizard's attack. The orc barely misses you.
The orc wizard hits you but does no damage.
You barely miss the orc wizard.
The orc wizard is almost dead.
The orc wizard gestures at you while chanting.
The puff of frost hits you!
You die...

#.....# #####.....# .
..........############
..#####......(...........
o..........(.(..........##
.......oo.................
...####KK####...#.#.#...##
##oo# #...#...#...##
##@###...#...#...##
#...........#...#
...###...<...#...## #..#
#......##.....
##.###........)..##
##................# .#
...#.#..##..#..#.# #..#
#.#.#..##.......# #..#
##......##<#####.#


You could see an orc wizard, 3 orcs and 2 kobolds.

Vanquished Creatures
  Ijyb (D:2)
  3 adders
  A worm (D:3)
  A giant gecko (D:1)
  An ooze (D:3)
  2 orcs (D:3)
  A giant cockroach (D:3)
  4 goblins
  4 hobgoblins
  7 jackals
  2 ball pythons
  6 bats
  3 giant newts
  8 kobolds
  6 rats
50 creatures vanquished.

Notes
Turn   | Place    | Note
--------------------------------------------------------------
     0 | D:1      | Patate, the Gargoyle Fighter, began the quest for the Orb.
     0 | D:1      | Reached XP level 1. HP: 14/14 MP: 1/1
   102 | D:1      | Reached XP level 2. HP: 17/19 MP: 2/2
   704 | D:1      | Reached skill level 4 in Shields
   763 | D:2      | Reached XP level 3. HP: 21/23 MP: 3/3
  1023 | D:2      | Noticed Ijyb
  1037 | D:2      | Killed Ijyb
  1037 | D:2      | Reached skill level 5 in Shields
  1037 | D:2      | Reached XP level 4. HP: 28/28 MP: 4/4
  1908 | D:3      | Killed from afar by an orc wizard

Action                   |  1- 3 |  4- 6 || total
-------------------------+-------+-------++-------
Melee: Flail             |   136 |   105 ||   241
  Use: Potion            |       |     1 ||     1
  Eat: Chunk             |       |     3 ||     3
